 Dungeon Crawl Stone Soup version 0.30-a0-643-g638baaf3f0 (webtiles) character file.

Game seed: 18422110338434440878

90461 Dirtsage the Alchemist (level 16, -2/166 HPs)
             Began as an Octopode Transmuter on Jan 16, 2023.
             Was a High Priest of the Shining One.
             Slain by a crystal guardian (15 damage)
             ... on level 14 of the Dungeon.
             The game lasted 00:52:53 (24024 turns).

Dirtsage the Alchemist (Octopode Transmuter)       Turns: 24024, Time: 00:52:54

Health: -2/166     AC: 20    Str: 26      XL:     16   Next: 0%
Magic:  27/34      EV: 11    Int: 19 (22) God:    the Shining One [*****.]
Gold:   1603       SH:  0    Dex: 13      Spells: 10/27 levels left

rFire   + + +      SeeInvis .      - Unarmed
rCold   x . .      Faith    .    (shield currently unavailable)
rNeg    + + .      Spirit   .    (helmet currently unavailable)
rPois   +          Reflect  .    H - amulet of magic regeneration
rElec   .          Harm     .    c - +6 ring of strength
rCorr   +          Rampage  .    C - ring of resist corrosion
Will    +....                    L - ring of Monotheism {+Blink rF+}
Stlth   +                        R - ring of magical power
HPRegen 0.47/turn                V - +4 ring of protection
MPRegen 0.64/turn                (no ring)
                                 (no ring)
                                 (no ring)

@: dragon-form, wereblooded, flying, glowing
A: dragon claw, dragon scales, breathe fire, flying, boosted hp, almost no
armour, amphibious, 8 rings, giant, (camouflage 1), (gelatinous body 1), (nimble
swimmer 1), (tentacles)
a: Breathe Fire, End Transformation, Renounce Religion, Evoke Blink, Divine
Shield, Cleansing Flame, Summon Divine Warrior


You were on level 14 of the Dungeon.
You worshipped the Shining One.
The Shining One was extremely pleased with you.
You were a fearsome dragon!
You visited 4 branches of the dungeon, and saw 22 of its levels.
You also visited: Sewer.

You collected 2631 gold pieces.
You spent 1028 gold pieces at shops.

Inventory:

Hand Weapons
 a - the +1 dagger "Giantslayer" (melded) {freeze, Int+5 SInv}
   (You found it on level 9 of the Dungeon)

   Int:       It affects your intelligence (+5).
   SInv:      It lets you see invisible.
Missiles
 p - a throwing net
 G - 6 curare-tipped darts
Armour
 S - a +2 hat of see invisible (melded)
Magical Staves
 F - a staff of conjuration
 T - a staff of poison
Jewellery
 c - a +6 ring of strength (left foreclaw)
 C - a ring of resist corrosion (right foreclaw)
 H - an amulet of magic regeneration (around neck)
 L - the ring of Monotheism (on tentacle) {+Blink rF+}
   (You found it on level 3 of the Lair of Beasts)

   [ring of protection from fire]

   rF:        It protects you from fire.
   +Blink:    It lets you blink.
 Q - an amulet of faith
 R - a ring of magical power (on tentacle)
 U - a ring of fire
 V - a +4 ring of protection (on tentacle)
Wands
 m - a wand of roots (8)
 o - a wand of acid (2)
 u - a wand of charming (19)
 w - a wand of mindburst (35)
 D - a wand of digging (3)
 N - a wand of flame (22)
 P - a wand of polymorph (19)
Scrolls
 e - 4 scrolls of enchant armour
 f - 3 scrolls of summoning
 g - a scroll of fear
 i - 5 scrolls of identify
 k - 2 scrolls of brand weapon
 r - 5 scrolls of amnesia
 t - 8 scrolls of teleportation
 v - 4 scrolls of immolation
 y - 3 scrolls of vulnerability
 B - a scroll of blinking
 M - 2 scrolls of magic mapping
 O - a scroll of enchant weapon
Potions
 b - 2 potions of ambrosia
 d - 4 potions of might
 h - 5 potions of haste
 j - 11 potions of mutation
 l - 5 potions of heal wounds
 n - 4 potions of brilliance
 q - 11 potions of curing
 s - a potion of cancellation
 x - 6 potions of attraction
 z - 3 potions of invisibility
 A - 2 potions of berserk rage
 E - 7 potions of magic
 J - 3 potions of flight
Miscellaneous
 I - a phantom mirror
 K - a lightning rod (4/4)


   Skills:
 + Level 10.7 Fighting
 + Level 10.5 Dodging
 + Level 11.1 Unarmed Combat
 - Level 6.4 Spellcasting
 - Level 17.1 Transmutations
 - Level 8.0 Ice Magic
 * Level 10.1 Invocations


You had 10 spell levels left.
You knew the following spells:

 Your Spells              Type           Power      Damage    Failure   Level
a - Ice Form              Ice/Tmut       52%        N/A       1%          4
b - Wereblood             Tmut           63%        N/A       0%          2
c - Beastly Appendage     Tmut           100%       N/A       0%          1
d - Dragon Form           Tmut           31%        N/A       9%          7
A - Ozocubu's Armour      Ice            36%        N/A       1%          3

Your spell library contained the following spells:

 Spells                   Type           Power      Damage    Failure   Level
 Spider Form              Tmut/Pois      38%        N/A       1%          3
 Blade Hands              Tmut           31%        N/A       1%          5
 Irradiate                Conj/Tmut      19%        3d18      9%          5
 Yara's Violent Unravell  Hex/Tmut       19%        3d9       9%          5
 Apportation              Tloc           12%        N/A       11%         1
 Kiss of Death            Conj/Necr      24%        2d7       11%         1
 Necrotise                Necr           24%        1d5       11%         1
 Summon Small Mammal      Summ           24%        N/A       11%         1
 Call Canine Familiar     Summ           6%         N/A       32%         3
 Confusing Touch          Hex            6%         N/A       32%         3
 Dazzling Flash           Conj/Hex       12%        N/A       32%         3
 Inner Flame              Hex/Fire       6%         N/A       32%         3
 Portal Projectile        Hex/Tloc       12%        N/A       32%         3
 Tukima's Dance           Hex            6%         N/A       32%         3
 Metabolic Englaciation   Hex/Ice        10%        N/A       50%         5
 Airstrike                Air            3%         2d(1-17)  71%         4
 Cause Fear               Hex            3%         N/A       71%         4
 Dispel Undead            Necr           6%         3d8       71%         4
 Leda's Liquefaction      Hex/Erth       3%         N/A       71%         4
 Summon Lightning Spire   Summ/Air       6%         N/A       71%         4
 Agony                    Necr           6%         N/A       96%         5
 Fireball                 Conj/Fire      3%         3d4       96%         5
 Iskenderun's Battlesphe  Conj           6%         2d6       96%         5
 Lightning Bolt           Conj/Air       3%         1d14      96%         5
 Silence                  Hex/Air        3%         N/A       96%         5
 Simulacrum               Ice/Necr       10%        N/A       97%         6
 Ozocubu's Refrigeration  Ice            18%        4d11      98%         7
 Conjure Ball Lightning   Conj/Air       3%         3x3d6     100%        6
 Enfeeble                 Hex            3%         N/A       100%        7
 Orb of Destruction       Conj           3%         9d5       100%        7
 Discord                  Hex            3%         N/A       100%        8


Dungeon Overview and Level Annotations

Branches:
Dungeon (14/15)            Temple (1/1) D:7            Lair (5/5) D:10
 Shoals (0/4) Lair:2        Snake (0/4) Lair:2        Slime (0/5) Lair:4
    Orc (2/2) D:10            Elf (0/3) Orc:2        Vaults (0/5) D:14
  Sewer (visited)

Altars:
Ashenzari
Cheibriados
Dithmenos
Elyvilon
Fedhas
Gozag
Hepliaklqana
Kikubaaqudgha
Makhleb
Nemelex Xobeh
Okawaru
Qazlal
Ru
Sif Muna
Trog
Uskayaw
Wu Jian
Xom
Yredelemnul
Zin
The Shining One
Jiyva

Shops:
D:6 (??!?   D:9 [   Orc:2 *:*[(

Annotations:
D:7 1 runed translucent door, Crazy Yiuf
D:12 1 runed translucent door
D:14 exclusion: orange crystal statue


Innate Abilities, Weirdness & Mutations

You are a fearsome dragon!
You have a powerful clawing attack.
Your giant scaled body is strong and resiliant, but less evasive.
You can breathe fire.
You are flying.
Your maximum health is greatly increased.
Your armour is entirely melded.
You are incapable of wielding weapons or throwing items.
You cannot wear most types of armour.
You are amphibious.
You can wear up to eight rings at the same time.
((Your skin changes colour to match your surroundings (Stealth+).))
((Your rubbery body absorbs attacks. (AC +1, EV +1)))
((You are camouflaged when in or above water. (Stealth+)))
((You have tentacles for arms and can constrict up to eight enemies at once.))


Message History

You take 1 damage, and have 131/157 hp.
You claw the crystal guardian!
You tail-slap the crystal guardian, but do no damage.
The crystal guardian is heavily damaged.
The crystal guardian fires a crystalline bolt at you.
The crystal bolt freezes you!!!
You feel a terrible chill!
You take 42 damage, and have 89/157 hp.
MASSIVE DAMAGE!!
You maul the crystal guardian!!!
You feel a bit better.
You destroy the crystal guardian!
The centaur warrior wields a +0 longbow.
The centaur warrior shoots an arrow.
The arrow closely misses you.
You have reached level 16!
You regained 9 hp, and now have 98/166 hp.
Really fly into that cloud of freezing vapour? [Y]es or [N]o only, please.
Really fly into that cloud of freezing vapour? [Y]es or [N]o only, please.
Really fly into that cloud of freezing vapour?
You are engulfed in freezing vapours.
You take 33 damage, and have 65/166 hp.
You hit the crystal guardian.
You bite the crystal guardian, but do no damage.
The crystal guardian is lightly damaged.
The crystal guardian fires a crystalline bolt at you.
The crystal bolt freezes you!!!
You feel a terrible chill!
* * * LOW HITPOINT WARNING * * *
You take 39 damage, and have 27/166 hp.
MASSIVE DAMAGE!!
You maul the crystal guardian!!!
You claw the crystal guardian, but do no damage.
The crystal guardian is severely damaged.
The crystal guardian hits you.
* * * LOW HITPOINT WARNING * * *
You take 2 damage, and have 25/166 hp.
You hit the crystal guardian but do no damage.
The crystal guardian is severely damaged.
The troll bites you!
* * * LOW HITPOINT WARNING * * *
The troll claws you but does no damage. The troll misses you.
The crystal guardian hits you!
You die...

#~#
$.....?.##~...###############
#~#
..).!...##~...............<..
.~#
$.......##~..................
.~#
$.?.|.[.##~#.################
.~# ...8|.[T'~~#.# .~#
.$$)(...##~..# .~#
$..:$[..##~#c# .~#
...$...!##T#9# .~#
$..$$...##~#D#
#~############°T.#
#~~~~~~~~~~~~~~.##
#######.........# ###########


You could see a crystal guardian, a centaur warrior (summoned) and a troll
(summoned).

Vanquished Creatures
  Gastronok (D:11)
  An orc warlord (Orc:2)
  A crystal guardian (D:14)
  Josephine (D:12)
  Fannar (D:12)
  The ghost of DEFE the Bludgeoner, a journeyman DsWn of Okawaru (Lair:2)
  The ghost of DEFE the Black Belt, a journeyman DsWn of Gozag (Lair:2)
  4 hydras
  Erolcha (D:9)
  A catoblepas (Lair:1)
  3 boulder beetles (D:13)
  4 two-headed ogres
  9 centaur warriors
  2 dancing weapons (D:14)
  10 death yaks (Lair:3)
  4 orc high priests (Orc:2)
  Nergalle (D:12)
  Sonja (D:12)
  Lodul (D:11)
  3 skeletal warriors (D:12)
  3 orc knights
  An oklob plant (D:10)
  6 ugly things
  A manticore (shapeshifter) (D:13)
  A manticore (D:11)
  3 cyclopes
  5 orc sorcerers
  5 elephants (Lair:2)
  4 black mambas
  Maurice (Orc:2)
  17 cane toads
  A torpor snail (Lair:5)
  Psyche (D:11)
  9 komodo dragons
  3 unseen horrors
  3 kobold demonologists (D:10)
  2 rime drakes
  3 tengu conjurers
  8 trolls
  4 polar bears
  12 blink frogs
  7 hornets
  A snapping turtle (Lair:2)
  A shadow (D:12)
  5 slime creatures (D:14)
  A vampire (D:14)
  Sigmund (D:3)
  4 wyverns
  5 wraiths
  77 yaks
  11 spriggans (Lair:5)
  3 basilisks
  A steam dragon (D:8)
  15 vampire mosquitoes
  Menkaure (D:6)
  6 wargs
  3 nagas (Lair:2)
  A swamp worm (shapeshifter) (D:13)
  Pargi (Sewer)
  9 water moccasins
  25 orc warriors
  3 sky beasts
  4 black bears
  15 ogres
  32 wolves
  9 centaurs
  5 boggarts (Lair:5)
  A phantom (D:5)
  6 kobold brigands
  10 bullfrogs
  3 gnoll sergeants
  A necrophage (D:6)
  2 scorpions (D:5)
  3 wights (D:9)
  6 howler monkeys
  An electric eel (Lair:2)
  9 hounds
  6 orc priests
  A gnoll bouda (Orc:2)
  5 jellies
  Natasha (thrice) (D:3)
  2 iguanas
  13 orc wizards
  Robin (D:3)
  4 adders
  17 gnolls
  A shadow imp (D:6)
  3 ufetubi
  A worm (D:3)
  3 dart slugs
  45 orcs
  4 ball pythons
  9 bats
  2 endoplasms
  2 giant cockroaches
  23 goblins
  11 hobgoblins
  2 jackals (D:1)
  31 kobolds
  4 quokkas
  4 frilled lizards
  3 rats
632 creatures vanquished.

Vanquished Creatures (collateral kills)
  Nessos (D:12)
1 creature vanquished.

Vanquished Creatures (others)
  24 fungi
  72 plants
96 creatures vanquished.

Grand Total: 729 creatures vanquished

Notes
Turn   | Place    | Note
-------+----------+-------------------------------------------
     0 | D:1      | Dirtsage the Octopode Transmuter began the quest for the
                  | Orb.
     0 | D:1      | Reached XP level 1. HP: 13/13 MP: 3/3
   144 | D:1      | Reached skill level 1 in Ice Magic
   144 | D:1      | Reached XP level 2. HP: 17/18 MP: 5/5
   152 | D:1      | Learned a level 2 spell: Wereblood
   846 | D:2      | Found a snail-covered altar of Cheibriados.
   851 | D:2      | Reached XP level 3. HP: 17/23 MP: 2/6
   977 | D:2      | Reached skill level 3 in Transmutations
  1739 | D:3      | Found a basalt altar of Yredelemnul.
  1853 | D:3      | Noticed Natasha
  1862 | D:3      | Killed Natasha
  1863 | D:3      | Reached XP level 4. HP: 15/28 MP: 5/7
  1895 | D:3      | Noticed Robin
  1929 | D:3      | Killed Robin
  2090 | D:3      | Found a glowing drain.
  2095 | Sewer    | Entered a sewer
  2125 | Sewer    | Learned a level 4 spell: Ice Form
  2129 | Sewer    | Noticed Pargi
  2136 | Sewer    | Killed Pargi
  2137 | Sewer    | Reached skill level 4 in Transmutations
  2137 | Sewer    | Reached XP level 5. HP: 24/33 MP: 3/8
  2296 | D:3      | Found an ancient bone altar of Kikubaaqudgha.
  2328 | D:3      | Noticed Natasha
  2345 | D:3      | Killed Natasha
  2346 | D:3      | Reached XP level 6. HP: 38/38 MP: 5/9
  2391 | D:3      | Noticed Sigmund
  2398 | D:3      | Killed Sigmund
  2399 | D:3      | Reached skill level 5 in Transmutations
  2550 | D:3      | Noticed Natasha
  2558 | D:3      | Killed Natasha
  2799 | D:3      | Reached XP level 7. HP: 43/43 MP: 10/10
  3200 | D:4      | Reached skill level 5 in Ice Magic
  3214 | D:4      | Found a snail-covered altar of Cheibriados.
  4054 | D:5      | Entered Level 5 of the Dungeon
  4065 | D:5      | Reached skill level 6 in Transmutations
  4310 | D:5      | Reached XP level 8. HP: 48/48 MP: 5/11
  4522 | D:5      | Reached skill level 7 in Transmutations
  5646 | D:6      | Found a white marble altar of Elyvilon.
  5654 | D:6      | Found Rops's Magic Scroll Shoppe.
  5660 | D:6      | Bought a scroll of identify for 28 gold pieces
  5660 | D:6      | Bought a scroll of fear for 56 gold pieces
  5660 | D:6      | Bought a scroll of vulnerability for 56 gold pieces
  5702 | D:6      | Found Hibel's Antique Weapon Emporium.
  5885 | D:6      | Found Reet's Distillery.
  5890 | D:6      | Bought a potion of mutation for 104 gold pieces
  5894 | D:6      | Noticed Menkaure
  6025 | D:6      | Killed Menkaure
  6105 | D:6      | Found Defuiq's Magic Scroll Shoppe.
  6212 | D:6      | Found Guixzu's Magic Scroll Boutique.
  6319 | D:7      | Found a bloodstained altar of Trog.
  6364 | D:7      | Noticed a hornet
  6370 | D:7      | Paralysed by a hornet for 2 turns
  6378 | D:7      | Killed a hornet
  6379 | D:7      | Reached skill level 8 in Transmutations
  6379 | D:7      | Reached XP level 9. HP: 13/53 MP: 4/12
  6598 | D:7      | Found a staircase to the Ecumenical Temple.
  6615 | Temple   | Entered the Ecumenical Temple
  6743 | Temple   | Became a worshipper of the Shining One
  7034 | D:7      | Found a runed translucent door.
  7035 | D:7      | Noticed Crazy Yiuf
  7200 | D:7      | Found a broken altar of Ashenzari.
  7245 | D:7      | Found a sacrificial altar of Ru.
  7245 | D:7      | Found a glowing silver altar of Zin.
  7716 | D:8      | Found an iron altar of Okawaru.
  7783 | D:8      | Found a shimmering blue altar of Sif Muna.
  7909 | D:8      | Found a blossoming altar of Fedhas.
  8237 | D:8      | Reached skill level 9 in Transmutations
  8465 | D:8      | Found an ornate altar of the Wu Jian Council.
  8772 | D:9      | Found Siodaf's Armour Boutique.
  8862 | D:9      | Noticed a troll
  8866 | D:9      | Killed a troll
  8945 | D:9      | Reached XP level 10. HP: 35/61 MP: 13/13
  9107 | D:9      | Noticed Erolcha
  9118 | D:9      | Killed Erolcha
  9119 | D:9      | Reached skill level 5 in Unarmed Combat
  9119 | D:9      | Reached skill level 10 in Transmutations
  9292 | D:9      | Noticed a two-headed ogre
  9300 | D:9      | Killed a two-headed ogre
  9520 | D:9      | Identified the +1 dagger "Giantslayer" {freeze, Int+5 SInv}
  9683 | D:10     | Entered Level 10 of the Dungeon
  9726 | D:10     | Found a staircase to the Lair.
  9726 | D:10     | Noticed an oklob plant
  9743 | D:10     | HP: 3/78 [oklob plant/splash of acid (34)]
  9939 | D:9      | Reached skill level 1 in Invocations
  9940 | D:10     | Reached * piety under the Shining One
 10403 | D:10     | Reached skill level 5 in Fighting
 10411 | D:10     | Reached skill level 11 in Transmutations
 10503 | D:10     | Reached XP level 11. HP: 72/72 MP: 14/14
 10659 | D:10     | Found a shadowy altar of Dithmenos.
 10661 | D:10     | Found a staircase to the Orcish Mines.
 10829 | D:10     | Reached skill level 12 in Transmutations
 11392 | D:11     | Noticed a red ugly thing
 11490 | D:11     | Noticed a manticore
 11490 | D:11     | Reached ** piety under the Shining One
 11683 | D:10     | Killed an oklob plant
 11684 | D:10     | Reached skill level 13 in Transmutations
 11724 | Lair:1   | Entered Level 1 of the Lair of Beasts
 11969 | Lair:1   | Learned a level 7 spell: Dragon Form
 12049 | Lair:1   | Noticed a catoblepas
 12061 | Lair:1   | Killed a catoblepas
 12062 | Lair:1   | Reached skill level 14 in Transmutations
 12760 | Lair:1   | Reached XP level 12. HP: 77/77 MP: 9/15
 13276 | Lair:2   | Found a staircase to the Snake Pit.
 13358 | Lair:2   | Reached skill level 5 in Dodging
 13377 | Lair:2   | Reached skill level 15 in Transmutations
 13503 | Lair:2   | Found a runed translucent gate.
 13504 | Lair:2   | Found a runed translucent gate.
 13504 | Lair:2   | Found a runed translucent gate.
 13505 | Lair:2   | Noticed DEFE's ghost (journeyman DsWn)
 13505 | Lair:2   | Noticed DEFE's ghost (journeyman DsWn)
 13892 | Lair:2   | Found a staircase to the Shoals.
 14239 | Lair:2   | Killed DEFE's ghost
 14241 | Lair:2   | Killed DEFE's ghost
 14414 | Lair:3   | Reached skill level 5 in Invocations
 14605 | Lair:3   | Found a shimmering altar of Xom.
 14608 | Lair:3   | Noticed a death yak
 14608 | Lair:3   | Noticed a death yak
 14616 | Lair:3   | Noticed a death yak
 14617 | Lair:3   | Noticed a death yak
 14622 | Lair:3   | Killed a death yak
 14623 | Lair:3   | Reached XP level 13. HP: 85/85 MP: 9/16
 14720 | Lair:3   | Reached skill level 16 in Transmutations
 15155 | Lair:3   | Identified the ring of Monotheism {+Blink rF+}
 15660 | Lair:4   | Found a viscous altar of Jiyva.
 15660 | Lair:4   | Found a staircase to the Slime Pits.
 16075 | Lair:4   | You are sucked into a shaft and drop 1 floor!
 16075 | Lair:5   | Entered Level 5 of the Lair of Beasts
 16075 | Lair:5   | Reached *** piety under the Shining One
 16550 | Lair:5   | Reached XP level 14. HP: 94/94 MP: 14/19
 16971 | Lair:5   | Identified the +6 sling "Wotty" {flame, rC+++ Int-5 Dex+4}
 17091 | Lair:5   | HP: 7/142 [spriggan/+0 rapier (13)]
 17451 | Lair:5   | Reached **** piety under the Shining One
 17457 | Lair:5   | Reached skill level 17 in Transmutations
 17933 | Lair:5   | Saving game... please wait.
 18151 | Lair:5   | Learned a level 3 spell: Ozocubu's Armour
 18298 | Orc:1    | Entered Level 1 of the Orcish Mines
 18478 | Orc:2    | Entered Level 2 of the Orcish Mines
 18478 | Orc:2    | Found Muacoasch's Merry Market.
 18491 | Orc:2    | Noticed an orc warlord
 18510 | Orc:1    | HP: 2/145 [orc knight/+0 great mace (20)]
 18803 | Orc:2    | Killed an orc warlord
 19014 | Orc:2    | Found Nipobu's Antique Armour Boutique.
 19066 | Orc:2    | Found Codaty's Antique Weapon Shoppe.
 19201 | Orc:2    | Found Gujaehoc's General Store.
 19427 | Orc:2    | Noticed Maurice
 19433 | Orc:2    | Killed Maurice
 19451 | Orc:2    | Found Duwnawn's Book Shop.
 19479 | Orc:2    | Bought a potion of mutation for 112 gold pieces
 19479 | Orc:2    | Bought a ring of magical power for 280 gold pieces
 19479 | Orc:2    | Bought a book of Misfortune for 392 gold pieces
 19562 | Orc:2    | Found a staircase to the Elven Halls.
 19887 | Orc:1    | Reached skill level 10 in Unarmed Combat
 19942 | Orc:1    | Reached XP level 15. HP: 102/102 MP: 21/21
 20275 | D:11     | Reached ***** piety under the Shining One
 20381 | D:11     | Noticed Lodul
 20384 | D:11     | Killed Lodul
 20389 | D:11     | Reached skill level 5 in Spellcasting
 20492 | D:11     | Noticed Psyche
 20499 | D:11     | Killed Psyche
 20610 | D:11     | Noticed Gastronok
 20613 | D:11     | Killed Gastronok
 21720 | D:12     | Noticed Sonja
 21731 | D:12     | Killed Sonja
 21787 | D:12     | Found a runed translucent door.
 21788 | D:12     | Noticed a sphinx
 21788 | D:12     | Noticed a frost giant
 21803 | D:12     | Reached skill level 10 in Fighting
 21859 | D:12     | Noticed Josephine
 21864 | D:12     | Killed Josephine
 21943 | D:12     | Noticed Nessos
 21964 | D:12     | Killed Nessos
 22296 | D:12     | Noticed Fannar
 22305 | D:12     | Killed Fannar
 22404 | D:12     | Noticed Nergalle
 22410 | D:12     | Killed Nergalle
 22745 | D:13     | Reached skill level 10 in Dodging
 23231 | D:14     | Found a runed translucent door.
 23620 | D:14     | Found a stormy altar of Qazlal.
 23660 | D:14     | Reached skill level 10 in Invocations
 23934 | D:14     | Found a gate to the Vaults.
 24019 | D:14     | Reached XP level 16. HP: 98/111 MP: 23/25
 24024 | D:14     | Slain by a crystal guardian

Illustrated notes

Levels and vault maps discovered:
D:1:      dpeg_arrival_rooms_c, layout_loops_cross, serial_aquarium,
          aquarium_bridge_long_joined [aquarium_subvault_bridge,
          aquarium_subvault_wall, aquarium_subvault_bridge,
          aquarium_subvault_wall, aquarium_subvault_bridge,
          aquarium_subvault_wall], aquarium_bridge_straight
          [aquarium_subvault_bridge, aquarium_subvault_window,
          aquarium_subvault_bridge, aquarium_subvault_balcony],
          aquarium_window_1, aquarium_window_corridor_3, aquarium_view_2d,
          aquarium_view_2d, aquarium_balcony_1b, aquarium_pool_1
D:2:      layout_basic, basic_altar
D:3:      layout_basic, overflow_temple_1_default,
          nicolae_overflow_crystal_walls, portal_sewer_entry_e, uniq_sigmund,
          uniq_natasha, uniq_robin
D:4:      layout_loops_ring, old_standard_altar
D:5:      corexii_shantytown, layout_basic, nrook_loot_triangle
D:6:      layout_gridville, nicolae_elyvilon_peaceful_grove, serial_shops,
          nicolae_shop_overgrown_old_shop, nicolae_shop_advertising_works
          [nicolae_subvault_shop_adworks], shop_fountains, shop,
          nicolae_square_shop, roderic_filled_cross, uniq_menkaure
D:7:      layout_loops_cross, gammafunk_temple_overflow_forgotten,
          mainiacjoe_overflow_concentric_impassable,
          minmay_temple_entry_large_hall, uniq_crazy_yiuf_cottage
D:8:      layout_loops_corners, lemuel_coloured_pillars_altar,
          mainiacjoe_overflow_tiny_flanked, mainiacjoe_overflow_catch_the_wave,
          dk_noncrumbling_3
D:9:      layout_irregular_city, serial_shops, nicolae_shop_waterfront,
          minmay_fountain_box, uniq_erolcha
D:10:     layout_roguey, kennysheep_mini_moat, dpeg_oklobed_lair, orc_0_dummy,
          grunt_ministairs_12
D:11:     layout_layer_cave, kennysheep_generic_room_4, uniq_gastronok,
          uniq_lodul, uniq_psyche
D:12:     layout_irregular_city, kennysheep_treasure_room, uniq_sonja,
          uniq_fannar, uniq_nergalle, uniq_nessos, uniq_josephine
D:13:     layout_basic, st_stairs_11, corexii_leaking_fountain,
          item_on_display_a
D:14:     layout_long_grid, erik_vaults_1, nicolae_qazlal_eye_of_the_storm,
          minmay_crystal_box
Temple:   nicolae_temple_figure_zero
Lair:1:   beast_lair_carwin_large_4, layout_cave_pods, serial_rivers,
          chequers_serial_rivers_micro_d, chequers_serial_rivers_room_b,
          chequers_serial_rivers_micro_d, chequers_serial_rivers_small_a,
          chequers_serial_rivers_small_3, chequers_serial_rivers_micro_d,
          lemuel_fruit_tree
Lair:2:   layout_cave_pods, minmay_shoals_entry_hut, nicolae_snake_entry_squirm,
          gammafunk_ghost_cemetery
Lair:3:   layout_cave_pods, basic_altar, serial_bayou_shore_b,
          grunt_megastairs_4
Lair:4:   layout_hall_layers, dpeg_slime_entry_corner, enter_volcano_2,
          minmay_holes, infiniplex_staircase_pool_2
Lair:5:   minmay_lair_end_enchanted_forest, layout_concentric_octagons,
          grunt_megastairs_2, serial_bayou_shore_a, serial_bayou_shore_b
Orc:1:    layout_diamond_mine
Orc:2:    grunt_orc_gardens, layout_caves, grunt_orc_garden, grunt_orc_garden,
          grunt_orc_garden, grunt_orc_garden, nicolae_alphabet_shops,
          uniq_maurice

Skill      XL: |  1  2  3  4  5  6  7  8  9 10 11 12 13 14 15 |
---------------+----------------------------------------------+-----
Ice Magic      | 1 2 3 4 6 7 8 |  8.0
Transmutations | 3 4 5 6 8 9 11 14 15 16 17 | 17.1
Fighting       | 3 5 6 8 9 10 | 10.7
Dodging        | 3 4 6 7 9 10 | 10.5
Unarmed Combat | 4 6 7 8 10 11 | 11.1
Invocations    | 2 5 7 8 10 | 10.1
Spellcasting   | 4 6 |  6.4

Action                   |  1- 3 |  4- 6 |  7- 9 | 10-12 | 13-15 | 16-18 || total
-------------------------+-------+-------+-------+-------+-------+-------++-------
Melee: Unarmed           |    68 |    60 |   255 |   349 |   531 |     3 ||  1266
       Constrict         |    21 |    16 |    10 |     1 |     2 |       ||    50
       Kick              |    12 |     7 |     3 |       |       |       ||    22
       Tentacles         |    10 |    13 |    12 |       |     2 |       ||    37
       Punch             |     1 |     1 |       |    10 |    28 |     1 ||    41
       Tailslap          |       |       |       |    23 |    77 |       ||   100
       Bite              |       |       |       |    17 |    55 |     1 ||    73
       Dagger            |       |       |       |     2 |     4 |       ||     6
 Cast: Beastly Appendage |    15 |     4 |     2 |     1 |       |       ||    22
       Wereblood         |     5 |     1 |    10 |    18 |    35 |       ||    69
       Ice Form          |       |     3 |    36 |    17 |     1 |       ||    57
       Dragon Form       |       |       |       |    12 |    60 |       ||    72
Invok: Divine Shield     |       |       |       |     1 |     3 |       ||     4
       Summon Divine War |       |       |       |       |     1 |       ||     1
 Abil: Breathe Fire      |       |       |       |       |     2 |       ||     2
Evoke: Wand              |       |     2 |       |     3 |     1 |       ||     6
  Use: Scroll            |       |     2 |    19 |     4 |     6 |       ||    31
       Potion            |       |       |     3 |     3 |     1 |       ||     7
 Stab: Sleeping          |     7 |     4 |     3 |       |       |       ||    14
Armor: Skin              |     8 |    13 |    78 |   137 |   268 |     1 ||   505
Dodge: Dodged            |    45 |    29 |   118 |   171 |   260 |     1 ||   624
Block: Other             |       |       |       |     1 |    20 |       ||    21

Table legend: (Time is in decaauts)
 A = Elapsed time spent in this place.
 B = Non-inter-level travel time spent in this place.
 C = Inter-level travel time spent in this place.
 D = Time resting spent in this place.
 E = Time spent auto-exploring this place.
 F = Levels seen in this place.
 G = Mean time per level.
                   A        B        C        D        E       F      G
               +--------+--------+--------+--------+--------+-----+--------+
         Total |  23870 |  23127 |    743 |    944 |  18443 |  23 | 1037.8 |
       Dungeon |  15182 |  14750 |    432 |    886 |  11707 |  14 | 1084.4 |
        Temple |    140 |    130 |     10 |      0 |    116 |   1 |  140.0 |
          Lair |   6489 |   6286 |    203 |     19 |   5052 |   5 | 1297.8 |
  Orcish Mines |   1882 |   1784 |     98 |     39 |   1437 |   2 |  941.0 |
         Sewer |    176 |    176 |      0 |      0 |    131 |   1 |  176.0 |
               +--------+--------+--------+--------+--------+-----+--------+

Top non-repeatable levels by time:
  Lair:5: 1767 daAuts
     D:9: 1684 daAuts
    D:11: 1400 daAuts
     D:5: 1345 daAuts
  Lair:1: 1338 daAuts
  Lair:2: 1317 daAuts
    D:10: 1308 daAuts
  Lair:3: 1272 daAuts
     D:7: 1227 daAuts
     D:3: 1225 daAuts
   Orc:2: 1034 daAuts
     D:8: 1020 daAuts
    D:12: 1011 daAuts
     D:2: 945 daAuts
    D:14: 945 daAuts
